 Dungeon Crawl Stone Soup version 0.29-a0-231-g945431f764 (webtiles) character file.

Game seed: 13092814678984822932

7 uselesstheremin the Cudgeller (level 2, -2/24 HPs)
             Began as a Human Berserker on Feb 28, 2022.
             Was a Follower of Trog.
             Slain by a quokka (3 damage)
             ... on level 1 of the Dungeon.
             The game lasted 00:01:21 (134 turns).

uselesstheremin the Cudgeller (Human Berserker)      Turns: 134, Time: 00:01:22

Health: -2/24      AC:  2    Str: 17    XL:     2   Next: 10%
Magic:  2/2        EV: 12    Int:  7    God:    Trog [*.....]
Gold:   0          SH:  0    Dex: 12    Spells: 1/1 levels left

rFire   . . .      SeeInvis .   a - +0 mace
rCold   . . .      Faith    .   (no shield)
rNeg    . . .      Spirit   .   b - +0 animal skin
rPois   .          Reflect  .   (no helmet)
rElec   .          Harm     .   (no cloak)
rCorr   .          Rampage  .   (no gloves)
Will    .....                   (no boots)
Stlth   +.........              (no amulet)
HPRegen 0.08/turn               (no ring)
MPRegen 0.08/turn               (no ring)

@: on berserk cooldown, slowed, very slow
A: no striking features
a: Renounce Religion, Berserk


You were on level 1 of the Dungeon.
You worshipped Trog.
Trog was aware of your devotion.
You visited 1 branch of the dungeon, and saw 1 of its levels.

Inventory:

Hand Weapons
 a - a +0 mace (weapon)
Armour
 b - a +0 animal skin (worn)
Scrolls
 c - 2 scrolls of amnesia {unknown}


   Skills:
 + Level 3.1 Fighting
 + Level 3.2 Maces & Flails
 + Level 2.0 Armour
 + Level 2.1 Dodging


You had one spell level left.
You didn't know any spells.
Your spell library was empty.

Dungeon Overview and Level Annotations

Branches:
Dungeon (1/15)

Altars:


Message History

The bat closely misses you.
You thump the bat!
You kill the bat!
Trog accepts your kill.
You thump the quokka!
You kill the quokka!
Trog accepts your kill. The endoplasm freezes you.
You are frozen.
* * * LOW HITPOINT WARNING * * *
You have reached level 2!
Unknown command.
You hit the endoplasm.
The endoplasm is severely wounded.
You are no longer berserk.
You are exhausted.
You feel yourself slow down. The quokka bites you.
* * * LOW HITPOINT WARNING * * *
The endoplasm hits you.
* * * LOW HITPOINT WARNING * * *
You hit the endoplasm.
You kill the endoplasm!
Trog accepts your kill. The quokka bites you.
* * * LOW HITPOINT WARNING * * *
A dart slug comes into view.
The quokka bites you but does no damage.
The quokka barely misses you.
You see here a hobgoblin corpse.
You hit the dart slug.
The dart slug is moderately wounded.
The quokka misses you. The quokka bites you.
* * * LOW HITPOINT WARNING * * *
The dart slug bites you.
* * * LOW HITPOINT WARNING * * *
The quokka completely misses you.
You completely miss the dart slug.
The dart slug is moderately wounded.
The quokka bites you.
You die...

.. .... #### .# #..
...### #. ... ## .....##
....... ..#...## .#.#.
.###...## .w. ## ##...##
#g# .# ##...## #r#
.######...## #@# #
........#..#####w#.#
.###..#.##.#.......#
..#.###..#.#.####..g....
...........#.# .......
#####..#####.# .......
##..##.....# .......
##..##..##### .......
##..##..## .......


You could see 2 dart slugs, a quokka and a hobgoblin.

Vanquished Creatures
  An endoplasm (D:1)
  A goblin (D:1)
  2 hobgoblins (D:1)
  A quokka (D:1)
  A bat (D:1)
6 creatures vanquished.

Notes
Turn   | Place    | Note
-------+----------+-------------------------------------------
     0 | D:1      | uselesstheremin the Human Berserker began the quest for the
                  | Orb.
     0 | D:1      | Reached XP level 1. HP: 18/18 MP: 1/1
   130 | D:1      | Reached XP level 2. HP: 9/24 MP: 2/2
   133 | D:1      | HP: 1/24 [dart slug (1)]
   134 | D:1      | Slain by a quokka

Illustrated notes

Levels and vault maps discovered:
D:1:      dpeg_chamrin_arrival_tetris, layout_basic

Action                   || total
-------------------------++-------
Melee: Mace              ||    19
Invok: Berserk           ||     1
Armor: Animal skin       ||     5
Dodge: Dodged            ||    17

Table legend: (Time is in decaauts)
 A = Elapsed time spent in this place.
 B = Non-inter-level travel time spent in this place.
 C = Inter-level travel time spent in this place.
 D = Time resting spent in this place.
 E = Time spent auto-exploring this place.
 F = Levels seen in this place.
 G = Mean time per level.
                   A        B        C        D        E       F      G
               +--------+--------+--------+--------+--------+-----+--------+
         Total |    133 |    133 |      0 |      0 |     78 |   1 |  133.0 |
       Dungeon |    133 |    133 |      0 |      0 |     78 |   1 |  133.0 |
               +--------+--------+--------+--------+--------+-----+--------+

Top non-repeatable levels by time:
     D:1: 133 daAuts
